Map: Orbital Shipyard

Players

Naagi - Winner!

  • Race: Zerg Zerg
  • League: Bronze

HzVee

  • Race: Protoss Protoss

VOD

Have the link to the VOD?

Description

Time

  • Played on: Oct. 16, 2015, 12:53 a.m.
  • Length: 23:30
Show
View Real Time Build Order
Export as new Build Order

Naagi Zerg - Winner!

Build Orders: Pool First 

Get SALT Encoding   

  12  0:09  Overlord  
  12  0:16  Drone  
  12  0:18  Drone  
  14  0:27  Drone  
  15  0:42  Spawning Pool  
  15  0:44  Drone  
  15  0:46  Drone  
  16  0:53  Drone, Extractor  
  16  1:20  Hatchery  
  16  1:24  Drone x2  
  17  1:35  Queen  
  19  1:41  Drone  
  19  1:46  Drone  
  21  2:04  Drone  
  21  2:05  Evolution Chamber, Overlord  
  21  2:12  Extractor  
  21  2:15  Drone  
  21  2:20  Metabolic Boost  
  21  2:26  Drone  
  22  2:35  Zergling x4  
  24  2:39  Queen  
  26  2:54  Zerg Melee Weapons Level 1  
  26  3:00  Zergling x6  
  26  3:01  Zergling x2  
  30  3:07  Overlord  
  30  3:15  Drone  
  30  3:16  Drone  
  32  3:27  Lair  
  32  3:39  Drone x3  
  35  3:42  Extractor  
  34  3:54  Zergling x8  
  38  4:01  Drone x2  
  40  4:21  Zergling x6  
  40  4:22  Zergling x2  
  44  4:37  Infestation Pit  
  44  4:38  Overlord x2, Spire  
  42  4:50  Drone x2  
  42  4:52  Overlord  
  44  4:59  Drone x3  
  47  5:09  Drone x2  
  47  5:12  Drone x2  
  51  5:24  Drone x3  
  51  5:27  Drone x3  
  57  5:35  Extractor  
  56  5:37  Drone x3  
  59  5:52  Mutalisk x2  
  63  5:57  Hatchery  
  63  5:59  Zerg Melee Weapons Level 2  
  62  6:13  Hive  
  62  6:16  Mutalisk x2  
  66  6:33  Drone x2  
  66  6:36  Overlord x4  
  68  6:51  Zerg Flyer Weapons Level 1  
  68  6:58  Mutalisk x4  
  76  7:12  Drone x4  
  76  7:13  Drone x6  
  86  7:24  Drone x3  
  89  7:49  Ultralisk Cavern  
  89  7:50  Spire  
  87  7:56  Evolution Chamber  
  86  8:01  Mutalisk x2  
  86  8:03  Zergling x2  
  86  8:04  Zergling x12  
  86  8:05  Zergling x8  
  101  8:16  Extractor  
  101  8:19  Drone  
  102  8:20  Drone x2, Extractor  
  102  8:23  Drone x3  
  105  8:31  Overlord x2  
  105  8:32  Overlord  
  105  8:49  Queen  
  105  8:51  Ultralisk x3  
  105  8:54  Overlord  
  105  8:55  Overlord x2  
  125  9:08  Extractor  
  124  9:10  Hatchery, Extractor  
  124  9:11  Overlord x2  
  124  9:12  Overlord x3  
  122  9:18  Ultralisk  
  112  10:03  Ultralisk x2  
  112  10:04  Ultralisk x2  
  112  10:05  Zergling x2  
  112  10:06  Zergling x8  
  139  10:13  Mutalisk  
  139  10:14  Mutalisk x2  
  139  10:18  Drone x3  
  146  10:26  Drone x2  
  146  10:27  Drone  
  149  10:30  Drone x3  
  149  10:31  Drone x2  
  154  10:49  Zerg Melee Weapons Level 3, Zerg Ground Armor Level 1  
  154  10:52  Zerg Flyer Armor Level 1  
  154  11:03  Drone x2  
  154  11:04  Drone x6  
  158  11:07  Ultralisk  
  168  11:29  Hatchery  
  168  11:32  Extractor  
  164  11:35  Extractor  
  143  11:51  Burrow, Pneumatized Carapace  
  143  11:52  Mutalisk  
  143  11:53  Mutalisk x6  
  143  11:54  Mutalisk  
  153  11:55  Zergling x6  
  153  11:56  Zergling x12  
  153  11:57  Zergling x4  
  168  12:05  Drone x2  
  168  12:06  Drone  
  168  12:07  Drone  
  168  12:08  Drone x2  
  140  12:29  Mutalisk  
  134  12:30  Mutalisk x6  
  134  12:31  Mutalisk x2  
  134  12:34  Zergling x4  
  154  12:56  Queen  
  156  12:58  Mutalisk x2  
  156  12:59  Mutalisk x4  
  156  13:02  Zergling x10  
  156  13:03  Zergling x2  
  147  13:13  Ultralisk  
  133  13:25  Zergling x4  
  133  13:26  Zergling x12  
  133  13:27  Zergling x12  
  139  13:28  Zergling x2  
  142  13:38  Zergling x4  
  142  13:39  Zergling x12  
  144  13:43  Zerg Ground Armor Level 2  
  144  13:45  Zerg Flyer Armor Level 2, Zerg Flyer Weapons Level 2  
  144  13:47  Adrenal Glands  
  142  14:03  Zergling x8  
  142  14:04  Zergling x8  
  142  14:06  Mutalisk x3  
  157  14:17  Drone x5  
  157  14:18  Drone  
  162  14:43  Mutalisk x5  
  162  14:44  Mutalisk x2  
  160  15:02  Ultralisk x2  
  172  15:11  Hatchery  
  171  15:14  Zergling x2  
  171  15:15  Zergling x10  
  171  15:16  Zergling x6  
  171  15:17  Ultralisk  
  181  15:24  Extractor  
  150  15:29  Zergling x6  
  150  15:30  Zergling x12  
  150  15:31  Zergling x10  
  150  15:32  Zergling x2  
  151  15:50  Ultralisk x2  
  151  15:52  Zergling x4  
  151  15:53  Zergling x10  
  151  15:54  Zergling x2  
  170  16:30  Ultralisk x3  
  170  16:32  Ultralisk x2  
  186  16:53  Zergling x10  
  186  16:54  Zergling x12  
  193  16:55  Zergling x6  
  200  17:10  Zerg Ground Armor Level 3  
  200  17:11  Zerg Flyer Weapons Level 3  
  200  17:12  Zerg Flyer Armor Level 3  
  200  17:13  Chitinous Plating  
  200  17:15  Zerg Missile Weapons Level 1  
  193  18:04  Ultralisk  
  199  18:06  Zergling x2  
  196  19:15  Ultralisk  
  196  19:23  Zerg Missile Weapons Level 2  
  193  19:26  Pathogen Glands  
  192  20:22  Neural Parasite  
  192  20:41  Zergling x8  
  192  20:42  Zergling x2  
  197  20:45  Overlord x4  
  197  20:53  Greater Spire  
  197  20:59  Greater Spire  
  197  21:21  Hatchery  
Show
View Real Time Build Order
Export as new Build Order

HzVee Protoss 

Build Orders:  

Get SALT Encoding   

  12  0:02  Probe (Chrono Boost)  
  13  0:13  Probe (Chrono Boost)  
  14  0:22  Pylon  
  14  0:27  Probe (Chrono Boost)  
  15  0:40  Probe (Chrono Boost)  
  15  0:41  Gateway  
  16  0:50  Probe (Chrono Boost)  
  16  0:54  Pylon  
  17  1:02  Probe (Chrono Boost)  
  18  1:04  Assimilator  
  18  1:12  Probe (Chrono Boost)  
  19  1:25  Gateway  
  19  1:30  Cybernetics Core  
  19  1:32  Probe (Chrono Boost)  
  20  1:36  Zealot (Chrono Boost)  
  22  1:43  Probe  
  23  1:55  Probe, Assimilator  
  24  2:07  Gateway, Probe  
  25  2:13  Warp Gate (Chrono Boost)  
  25  2:22  Nexus  
  25  2:32  Pylon  
  25  2:33  Probe  
  26  2:45  Probe  
  26  2:48  Twilight Council  
  27  3:00  Assimilator  
  27  3:03  Mothership Core  
  29  3:13  Stalker  
  31  3:22  Stalker  
  33  3:34  Probe  
  33  3:39  Resonating Glaives (Chrono Boost)  
  34  3:42  Probe  
  34  3:46  Probe  
  36  3:54  Probe  
  37  3:59  Probe  
  38  4:11  Probe  
  39  4:17  Pylon  
  39  4:23  Probe  
  40  4:25  Stalker  
  40  4:27  Adept  
  44  4:35  Probe  
  44  4:37  Pylon x2  
  45  4:45  Forge  
  45  4:49  Adept  
  45  4:50  Adept  
  49  4:59  Stalker  
  51  5:06  Blink  
  51  5:15  Robotics Facility  
  51  5:18  Pylon  
  51  5:23  Protoss Ground Weapons Level 1 (Chrono Boost)  
  51  5:27  Probe  
  52  5:36  Stalker, Assimilator  
  52  5:39  Probe  
  52  5:40  Adept x2  
  59  5:50  Probe  
  59  5:51  Probe  
  61  5:58  Stalker  
  61  6:03  Probe, Observer  
  65  6:15  Probe  
  65  6:17  Nexus  
  66  6:19  Pylon  
  66  6:22  Pylon  
  66  6:36  Stalker x2  
  66  6:37  Stalker  
  72  6:43  Assimilator  
  72  6:46  Photon Cannon  
  72  6:52  Gateway  
  72  6:53  Gateway  
  72  6:58  Stalker  
  72  6:59  Protoss Ground Weapons Level 2 (Chrono Boost)  
  74  7:02  Immortal (Chrono Boost)  
  78  7:21  Pylon  
  78  7:29  Stalker x2  
  82  7:30  Stalker  
  82  7:32  Probe  
  89  7:37  Immortal (Chrono Boost)  
  89  7:42  Probe  
  90  7:53  Stalker x2, Probe  
  90  7:54  Stalker x2  
  90  7:56  Stalker  
  101  7:59  Pylon  
  101  8:03  Probe, Photon Cannon  
  102  8:06  Probe  
  103  8:18  Probe, Pylon  
  104  8:26  Gateway  
  104  8:28  Gateway  
  104  8:29  Probe  
  104  8:30  Probe  
  106  8:39  Probe  
  107  8:41  Stalker  
  107  8:42  Stalker x2  
  113  8:50  Probe  
  114  9:00  Probe  
  115  9:08  Protoss Ground Armor Level 1  
  115  9:14  Stalker x3  
  115  9:15  Stalker x2  
  125  9:21  Charge  
  125  9:38  Immortal (Chrono Boost)  
  99  10:06  Stalker x2  
  97  10:07  Stalker  
  97  10:10  Adept x4  
  97  10:12  Immortal (Chrono Boost)  
  111  10:26  Probe  
  112  10:37  Probe  
  112  10:40  Stalker  
  112  10:41  Stalker x3  
  121  10:45  Nexus  
  121  10:46  Immortal (Chrono Boost)  
  121  10:47  Probe, Pylon  
  126  10:58  Probe  
  127  11:09  Probe  
  128  11:15  Adept x2  
  128  11:16  Adept x5  
  142  11:20  Immortal (Chrono Boost)  
  146  11:39  Stalker  
  128  11:40  Stalker x3  
  128  11:41  Stalker x2  
  122  11:55  Stalker, Immortal (Chrono Boost)  
  122  12:01  Probe  
  125  12:11  Probe  
  120  12:22  Probe  
  112  12:23  Protoss Ground Weapons Level 3  
  112  12:27  Stalker x2  
  112  12:28  Stalker x3  
  112  12:29  Stalker, Immortal (Chrono Boost)  
  129  12:30  Stalker  
  129  12:32  Probe  
  132  12:43  Probe  
  132  12:49  Assimilator  
  133  12:52  Assimilator  
  133  12:53  Probe  
  133  12:56  Gateway  
  133  12:57  Gateway  
  134  13:03  Immortal (Chrono Boost)  
  134  13:04  Probe  
  115  13:14  Probe  
  115  13:19  Stalker x2  
  108  13:22  Adept  
  108  13:23  Adept x4  
  108  13:25  Probe  
  119  13:37  Immortal (Chrono Boost)  
  97  13:56  Stalker  
  97  13:57  Stalker  
  97  13:58  Stalker x2  
  97  13:59  Stalker x2  
  97  14:00  Stalker  
  111  14:08  Nexus  
  111  14:13  Pylon  
  111  14:25  Probe  
  112  14:32  Stalker, Assimilator  
  112  14:33  Stalker x5  
  112  14:34  Stalker x2  
  112  14:35  Stalker, Probe  
  131  14:46  Probe  
  130  14:56  Probe  
  117  15:01  Zealot x2  
  117  15:02  Zealot x5  
  117  15:03  Zealot  
  117  15:04  Zealot  
  135  15:07  Probe  
  136  15:26  Stalker x3  
  136  15:27  Stalker x3  
  136  15:28  Stalker x3  
  106  15:37  Protoss Shields Level 1  
  90  15:59  Stalker x5  
  90  16:00  Stalker x3, Probe  
  90  16:01  Stalker  
  109  16:11  Probe  
  110  16:21  Probe  
  111  16:32  Probe  
  111  16:33  Stargate x2  
  112  16:42  Probe  
  112  16:43  Assimilator  
  97  16:51  Stalker x4  
  97  16:52  Stalker x3  
  97  16:53  Probe  
  109  16:57  Zealot  
  109  16:58  Zealot  
  114  17:03  Probe  
  115  17:18  Stalker x5  
  115  17:20  Probe  
  102  17:30  Probe  
  101  17:41  Stalker x2, Probe  
  101  17:42  Stalker x3  
  120  17:51  Probe  
  105  18:02  Probe  
  85  18:06  Gateway  
  85  18:08  Pylon  
  85  18:12  Probe  
  81  18:13  Pylon  
  81  18:14  Zealot x4  
  90  18:20  Cybernetics Core  
  90  18:23  Probe  
  91  18:33  Probe  
  68  18:55  Pylon  
  68  18:57  Stalker  
  68  18:58  Stalker  
  66  19:38  Stalker x2  
  68  19:39  Stalker  
  54  19:58  Gateway  
  54  20:00  Gateway  
  54  20:06  Pylon  
  54  20:10  Pylon  
  50  20:20  Gateway  
  46  20:21  Gateway  
  46  20:23  Gateway  
  29  20:35  Zealot  
  29  20:36  Zealot x2  
  26  20:55  Pylon  
  26  21:08  Zealot  
  28  21:13  Zealot x2  
  32  21:24  Zealot x3  
  38  21:30  Pylon  
  38  21:32  Gateway  
  38  21:33  Gateway  
  38  21:34  Gateway  
  38  21:38  Gateway  
  38  21:42  Gateway  
  38  21:47  Zealot x2  
  38  21:48  Zealot x4  
  38  21:53  Pylon  
  50  22:02  Pylon  
  50  22:12  Zealot x3  
  50  22:13  Zealot x3  
  62  22:26  Probe  
  63  22:32  Zealot x4  
  63  22:33  Zealot  
  63  22:34  Zealot  
  63  22:37  Probe  
  75  22:41  Zealot  
Tags
 
League
Bronze
Matchup
PvZ
Opening
Pool First
Replay Pack
HzVee P1
Add a new tag
Caveats
  • Supply blocks, unpowered buildings, or Contaminate may cause inaccurate times.
  • Supply counts are checked every 10 seconds.